 Dungeon Crawl Stone Soup version 0.29.1-1-gd02db6906a (webtiles) character file.

Game seed: 7329982108536561729

433 Linkola the Chiller (level 6, -1/32 HPs)
             Began as a Deep Elf Ice Elementalist on Sept 24, 2022.
             Was an Initiate of Vehumet.
             Slain by an ice beast (10 damage)
             ... on level 5 of the Dungeon.
             The game lasted 00:28:27 (5663 turns).

Linkola the Chiller (Deep Elf Ice Elementalist)     Turns: 5663, Time: 00:28:28

Health: -1/32      AC:  5    Str:  5    XL:     6   Next: 67%
Magic:  22/25      EV: 12    Int: 22    God:    Vehumet [......]
Gold:   344        SH:  0    Dex: 15    Spells: 5/15 levels left

rFire   . . .      SeeInvis .   k - +0 dagger (freeze)
rCold   . . .      Faith    .   (no shield)
rNeg    . . .      Spirit   .   a - +1 robe
rPois   .          Reflect  .   n - +1 helmet
rElec   .          Harm     .   (no cloak)
rCorr   .          Rampage  .   (no gloves)
Will    .....                   (no boots)
Stlth   ++........              (no amulet)
HPRegen 0.10/turn               l - ring of magical power
MPRegen 0.19/turn               (no ring)

@: no status effects
A: no striking features
a: Renounce Religion


You were on level 5 of the Dungeon.
You worshipped Vehumet.
Vehumet was noncommittal.
You visited 2 branches of the dungeon, and saw 6 of its levels.

You collected 344 gold pieces.

Inventory:

Hand Weapons
 k - a +0 dagger of freezing (weapon)
Missiles
 h - 2 poisoned darts (quivered)
 i - 41 stones
 p - 3 boomerangs
Armour
 a - a +1 robe (worn)
 n - a +1 helmet (worn)
Jewellery
 l - a ring of magical power (left hand)
Wands
 o - a wand of flame (2)
Potions
 b - a potion of magic
 d - a potion of brilliance
 e - 2 potions of might
 f - a potion of cancellation {unknown}
 g - a potion of flight {unknown}
 j - a potion of degeneration {unknown}
 m - 4 potions of heal wounds
 q - a potion of lignification {unknown}
 r - a potion of ambrosia {unknown}
 s - a potion of curing {unknown}


   Skills:
 + Level 3.5 Throwing
 + Level 2.6 Dodging
 + Level 2.8 Stealth
 + Level 5.3 Spellcasting
 * Level 2.1 Necromancy
 + Level 6.2 Ice Magic


You had 5 spell levels left.
You knew the following spells:

 Your Spells              Type           Power      Damage    Failure   Level
a - Freeze                Ice            100%       1d11      1%          1
b - Frozen Ramparts       Ice            66%        1d10      2%          3
c - Ozocubu's Armour      Ice            33%        N/A       2%          3
d - Vampiric Draining     Necr           15%        2d7       12%         3

Your spell library contained the following spells:

 Spells                   Type           Power      Damage    Failure   Level
 Slow                     Hex            20%        N/A       10%         1
 Hailstorm                Conj/Ice       19%        3d6       26%         4
 Confusing Touch          Hex            5%         N/A       28%         3
 Dazzling Flash           Conj/Hex       10%        N/A       28%         3
 Agony                    Necr           15%        N/A       75%         5
 Silence                  Hex/Air        2%         N/A       95%         5


Dungeon Overview and Level Annotations

Branches:
Dungeon (5/15)             Temple (1/1) D:5

Altars:
Ashenzari
Cheibriados
Dithmenos
Elyvilon
Fedhas
Hepliaklqana
Kikubaaqudgha
Makhleb
Nemelex Xobeh
Qazlal
Ru
Sif Muna
Trog
Uskayaw
Vehumet
Wu Jian
Zin
The Shining One


Message History

The ice beast is poisoned.
The ice beast hits you but does no damage.
Throw: 6 darts (poison)
Press: ? - help, Q - select action, (/) - cycle Shift-Dir - straight line, f/p - ice beast
Aim: an ice beast (lightly wounded, very poisoned, 59% to hit)
You throw a poisoned dart. The poisoned dart hits the ice beast.
The ice beast is lightly wounded.
The ice beast hits you. The ice beast freezes you!
Throw: 5 darts (poison)
Press: ? - help, Q - select action, (/) - cycle Shift-Dir - straight line, f/p - ice beast
Aim: an ice beast (lightly wounded, very poisoned, 59% to hit)
You throw a poisoned dart.
The poisoned dart barely misses the ice beast.
The ice beast hits you but does no damage.
Throw: 4 darts (poison)
Press: ? - help, Q - select action, (/) - cycle Shift-Dir - straight line, f/p - ice beast
Aim: an ice beast (lightly wounded, very poisoned, 59% to hit)
You throw a poisoned dart. The poisoned dart hits the ice beast.
The ice beast looks even sicker.
The ice beast is lightly wounded.
Your icy armour will break if you move.
Continue?
The ice beast attacks as you move away!
The ice beast hits you but does no damage.
Your icy armour cracks and falls away as you move.
As you read the scroll of fog, it crumbles to dust.
The scroll dissolves into smoke.
The ice beast hits you but does no damage.
The ice beast attacks as you move away! The ice beast misses you.
The ice beast attacks as you move away! The ice beast closely misses you.
The ice beast attacks as you move away!
The ice beast hits you but does no damage.
Throw: 3 darts (poison)
Press: ? - help, Q - select action, (/) - cycle Shift-Dir - straight line, f/p - ice beast
Aim: an ice beast (heavily wounded, poisoned, 59% to hit)
You throw a poisoned dart.
The poisoned dart barely misses the ice beast.
The ice beast hits you.
* * * LOW HITPOINT WARNING * * *
The ice beast freezes you!
You die...

### ### ####.#
#.### #.# #.#..##
#.##. #.#
##.#..## ##...
#.#
##<###..#####..##
#.# ##.##
###..#...###
#.###..#
##...#....
#.##.@##
######... #.##.Y#
##.. #.#..## ##.
##...# ## ##.##
### # ##.###§##
#.§§.§§# ##§§§§##
##§§§§#


You could see an ice beast (poisoned).

Vanquished Creatures
  A necrophage (D:5)
  2 hounds
  An orc priest (D:5)
  Jessica (D:2)
  An iguana (D:4)
  An orc wizard (D:5)
  6 adders
  5 gnolls (D:5)
  A worm (D:4)
  3 dart slugs (D:3)
  10 orcs (D:5)
  5 bats
  7 endoplasms
  A giant cockroach (D:1)
  5 goblins
  8 hobgoblins
  5 quokkas
  10 ball pythons
  4 frilled lizards
  11 kobolds
  5 rats
93 creatures vanquished.

Notes
Turn   | Place    | Note
-------+----------+-------------------------------------------
     0 | D:1      | Linkola the Deep Elf Ice Elementalist began the quest for
                  | the Orb.
     0 | D:1      | Reached XP level 1. HP: 10/10 MP: 6/6
   260 | D:1      | Reached XP level 2. HP: 15/15 MP: 1/8
   263 | D:1      | Found a faded altar of an unknown god.
  1262 | D:2      | Noticed Jessica
  1272 | D:2      | Killed Jessica
  1273 | D:2      | Reached skill level 5 in Ice Magic
  1273 | D:2      | Reached XP level 3. HP: 8/19 MP: 5/10
  1576 | D:2      | Reached skill level 1 in Throwing
  1587 | D:2      | Reached XP level 4. HP: 24/24 MP: 4/12
  1592 | D:2      | Learned a level 3 spell: Frozen Ramparts
  1596 | D:2      | Learned a level 3 spell: Ozocubu's Armour
  2508 | D:3      | Found a sacrificial altar of Ru.
  2521 | D:3      | Learned a level 3 spell: Vampiric Draining
  3194 | D:3      | Found a shimmering blue altar of Sif Muna.
  3356 | D:4      | Found a burning altar of Makhleb.
  3362 | D:4      | Reached XP level 5. HP: 28/28 MP: 14/14
  3427 | D:4      | Reached skill level 1 in Necromancy
  3583 | D:4      | Found the +18 Lear's hauberk
  3988 | D:5      | Entered Level 5 of the Dungeon
  4232 | D:5      | Found a staircase to the Ecumenical Temple.
  4247 | D:5      | Reached skill level 5 in Spellcasting
  4249 | D:5      | Reached XP level 6. HP: 27/32 MP: 15/15
  4282 | Temple   | Entered the Ecumenical Temple
  4282 | Temple   | Found a transporter.
  4282 | Temple   | Found a transporter.
  4284 | Temple   | Found a transporter.
  4284 | Temple   | Found a transporter.
  4354 | Temple   | Became a worshipper of Vehumet
  5451 | D:5      | Reached skill level 6 in Ice Magic
  5599 | D:5      | Noticed an ice beast
  5663 | D:5      | Slain by an ice beast

Illustrated notes

Levels and vault maps discovered:
D:1:      dpeg_arrival_line_fractal, layout_loops_ring, basic_ecumenical_altar,
          minmay_door_square, minivault_27, hangedman_abyss_or_decor_lesser_grid
D:2:      minmay_wonky_spiral, layout_basic, minmay_unequal, uniq_jessica
D:3:      layout_rooms, mainiacjoe_overflow_big_doors
D:4:      layout_rooms, lightli_temple_of_fire
D:5:      layout_layer_cave, nicolae_overflow_hidden_temple,
          minmay_temple_entry_wispy, roderic_serpentine_path, sigmund_army
Temple:   hellmonk_temple_divided_pantheon

Skill      XL: |  1  2  3  4  5  6 |
---------------+-------------------+-----
Spellcasting   | 4 5 |  5.3
Ice Magic      | 5 6 |  6.2
Throwing       | 1 3 |  3.5
Necromancy     | 1 2 |  2.1
Dodging        | |  2.6
Stealth        | |  2.8

Action                   |  1- 3 |  4- 6 || total
-------------------------+-------+-------++-------
Melee: Dagger            |       |     1 ||     1
Throw: Stone             |    28 |    13 ||    41
       Dart              |       |    90 ||    90
 Cast: Freeze            |    46 |    46 ||    92
       Frozen Ramparts   |       |     9 ||     9
       Ozocubu's Armour  |       |     8 ||     8
  Use: Scroll            |     1 |    10 ||    11
Armor: Robe              |     3 |    20 ||    23
Dodge: Dodged            |    12 |    26 ||    38
